 Dungeon Crawl Stone Soup version 0.30-a0-808-g6e0788376e (webtiles) character file.

Game seed: 5287291435138097769

879 cforsyth the Covert (level 8, 0/44 HPs)
             Began as a Kobold Brigand on Feb 26, 2023.
             Was a Follower of Hepliaklqana.
             Slain by a water moccasin skeleton (6 damage)
             ... on level 5 of the Dungeon.
             The game lasted 00:06:30 (5221 turns).

cforsyth the Covert (Kobold Brigand)                Turns: 5221, Time: 00:06:31

Health: 0/44       AC:  4    Str:  9    XL:     8   Next: 25%
Magic:  8/8        EV: 17    Int: 12    God:    Hepliaklqana [*.....]
Gold:   142        SH:  0    Dex: 18    Spells: 7/7 levels left

rFire   . . .      SeeInvis +    r - +3 dagger (drain)
rCold   . . .      Faith    .    (no shield)
rNeg    . . .      Spirit   .    b - +0 robe
rPois   .          Reflect  .    (no helmet)
rElec   .          Harm     .    c - +0 cloak
rCorr   .          Rampage  .    o - +0 pair of gloves
Will    .....                    (no boots)
Stlth   +++++                    (no amulet)
HPRegen 0.27/turn                p - ring of see invisible
MPRegen 0.11/turn                (no ring)

@: no status effects
A: reduced essence, small, no large weapons, nightstalker 3
a: Renounce Religion, Recall Ancestor, Ancestor Identity


You were on level 5 of the Dungeon.
You worshipped Hepliaklqana.
Hepliaklqana was aware of your devotion.
You visited 2 branches of the dungeon, and saw 6 of its levels.

You collected 142 gold pieces.

Inventory:

Hand Weapons
 a - a +2 dagger
 r - a +3 dagger of draining (weapon)
Missiles
 d - 25 poisoned darts (quivered)
 e - 3 curare-tipped darts
Armour
 b - a +0 robe (worn)
 c - a +0 cloak (worn)
 o - a +0 pair of gloves (worn)
Jewellery
 p - a ring of see invisible (left hand)
Wands
 g - a wand of polymorph (9)
Scrolls
 f - 2 scrolls of immolation
 h - 5 scrolls of identify
 l - a scroll of teleportation
Potions
 i - 2 potions of curing
 j - a potion of degeneration
 k - a potion of might {unknown}
 m - a potion of flight


   Skills:
 + Level 5.2 Fighting
 + Level 6.3 Short Blades
 - Level 2.1 Throwing
 + Level 5.2 Dodging
 + Level 8.3 Stealth


You had 7 spell levels left.
You didn't know any spells.
Your spell library contained the following spells:

 Spells                   Type           Power      Damage    Failure   Level
 Apportation              Tloc           0%         N/A       32%         1
 Beastly Appendage        Tmut           0%         N/A       32%         1
 Necrotise                Necr           0%         1d4       32%         1
 Summon Small Mammal      Summ           0%         N/A       32%         1
 Wereblood                Tmut           0%         N/A       45%         2
 Gell's Gravitas          Tloc           0%         N/A       69%         3
 Ignite Poison            Fire/Tmut/Pois 0%         N/A       69%         3
 Inner Flame              Hex/Fire       0%         N/A       69%         3
 Kindle Blastsparks       Fire/Tloc/Air  0%         2d10      69%         3
 Portal Projectile        Hex/Tloc       0%         N/A       69%         3
 Spider Form              Tmut/Pois      0%         N/A       69%         3
 Teleport Other           Tloc           0%         N/A       69%         3
 Tukima's Dance           Hex            0%         N/A       69%         3
 Cause Fear               Hex            0%         N/A       97%         4
 Blade Hands              Tmut           0%         N/A       100%        5
 Freezing Cloud           Conj/Ice/Air   0%         6-21      100%        5
 Dispersal                Tloc           0%         N/A       100%        6
 Borgnjor's Revivificati  Necr           0%         N/A       100%        8
 Discord                  Hex            0%         N/A       100%        8
 Necromutation            Tmut/Necr      0%         N/A       100%        8
 Death's Door             Necr           0%         N/A       100%        9


Dungeon Overview and Level Annotations

Branches:
Dungeon (5/15)             Temple (1/1) D:4

Altars:
Ashenzari
Cheibriados
Dithmenos
Hepliaklqana
Makhleb
Nemelex Xobeh
Okawaru
Ru
Sif Muna
Trog
Vehumet
Wu Jian
Yredelemnul
The Shining One

Shops:
D:4 ?

Annotations:
D:4 Grinder


Innate Abilities, Weirdness & Mutations

Your life essence is reduced to manifest your ancestor. (-10% HP)
You are small and have problems with some larger weapons.
You are completely attuned to the shadows.


Message History

The water moccasin skeleton bites Tlalli.
The bullfrog zombie barely misses Tlalli.
The bullfrog zombie hits you.
* * * LOW HITPOINT WARNING * * *
You hit the bullfrog zombie.
The bullfrog zombie is severely damaged.
The adder zombie bites Tlalli but does no damage.
The bullfrog zombie misses Tlalli.
The water moccasin skeleton bites Tlalli.
Tlalli hits the adder zombie.
You hit the bullfrog zombie.
The bullfrog zombie is almost destroyed.
The bullfrog zombie hits you.
* * * LOW HITPOINT WARNING * * *
The water moccasin skeleton bites Tlalli!
The bullfrog zombie closely misses Tlalli.
The adder zombie bites Tlalli.
Unknown command.
You completely miss the bullfrog zombie.
The bullfrog zombie is almost destroyed.
Tlalli hits the water moccasin skeleton.
The bullfrog zombie misses you.
The bullfrog zombie hits Tlalli.
You hit the bullfrog zombie.
The bullfrog zombie is almost destroyed.
The water moccasin skeleton bites Tlalli.
Tlalli is destroyed!
The bullfrog zombie hits you.
* * * LOW HITPOINT WARNING * * *
You hit the adder zombie.
The adder zombie is almost destroyed.
The adder zombie misses you. The bullfrog zombie closely misses you.
Unknown command.
You hit the adder zombie.
You destroy the adder zombie!
The bullfrog zombie completely misses you.
The bullfrog zombie misses you.
You hit the bullfrog zombie.
You destroy the bullfrog zombie!
The bullfrog zombie misses you. The water moccasin skeleton bites you.
You die...

###.##.#
###)...##########.
#....# #.##....########
###### #.........##....
#.....#.#.##....
##..8..#.#..#.... ######
#........#.......
.....###......#.#..####.
......Z.......#.#.......
......Z@......#....#....
..............###..#....
.Z.................#....
#.=...........###..#....
................##....
................##....
............†.........
.....$................
.....###.......


You could see a bullfrog zombie and a water moccasin skeleton.

Vanquished Creatures
  A wyvern (D:5)
  A phantom (D:5)
  A scorpion (D:4)
  A necrophage (D:5)
  2 water moccasin zombies (D:5)
  2 hounds
  A bullfrog zombie (D:5)
  A bullfrog skeleton (D:5)
  An orc priest (D:5)
  2 scorpion zombies (D:5)
  2 iguanas (D:4)
  An orc wizard (D:4)
  3 adders
  An adder zombie (D:5)
  2 worms
  A dart slug (D:5)
  7 orcs
  8 ball pythons
  5 bats
  11 endoplasms
  A giant cockroach (D:3)
  8 goblins
  11 hobgoblins
  8 jackals
  7 kobolds
  A quokka (D:5)
  3 frilled lizards
  4 rats
97 creatures vanquished.

Vanquished Creatures (collateral kills)
  A scorpion zombie (D:5)
  A hound zombie (D:5)
  A howler monkey zombie (D:5)
  An orc (D:5)
4 creatures vanquished.

Vanquished Creatures (others)
  An ancestor (D:5)
1 creature vanquished.

Grand Total: 102 creatures vanquished

Notes
Turn   | Place    | Note
-------+----------+-------------------------------------------
     0 | D:1      | cforsyth the Kobold Brigand began the quest for the Orb.
     0 | D:1      | Reached XP level 1. HP: 12/12 MP: 1/1
    74 | D:1      | Reached XP level 2. HP: 5/18 MP: 2/2
   330 | D:1      | Reached XP level 3. HP: 22/22 MP: 3/3
  1032 | D:2      | Found a faded altar of an unknown god.
  1125 | D:2      | Reached XP level 4. HP: 27/27 MP: 4/4
  1146 | D:2      | Reached skill level 6 in Stealth
  1965 | D:3      | Found a bloodstained altar of Trog.
  2055 | D:3      | Found an ornate altar of the Wu Jian Council.
  2059 | D:3      | Noticed a spectral centipede
  2059 | D:3      | Noticed a spectral black mamba
  2059 | D:3      | Noticed a spectral cane toad
  2368 | D:3      | Found a burning altar of Makhleb.
  2797 | D:4      | Noticed Grinder
  2801 | D:4      | Reached XP level 5. HP: 32/32 MP: 5/5
  3059 | D:4      | Found Nikhieso's Magic Scroll Shoppe.
  3072 | D:4      | Paralysed by Grinder for 5 turns
  3095 | D:4      | Found a staircase to the Ecumenical Temple.
  3105 | Temple   | Entered the Ecumenical Temple
  3229 | Temple   | Became a worshipper of Hepliaklqana the Forgotten
  3300 | D:4      | Reached XP level 6. HP: 25/38 MP: 6/6
  3901 | D:5      | Entered Level 5 of the Dungeon
  4141 | D:4      | Reached skill level 7 in Stealth
  4392 | D:5      | Reached skill level 5 in Short Blades
  4392 | D:5      | Reached XP level 7. HP: 19/43 MP: 7/7
  4495 | D:5      | Reached * piety under Hepliaklqana
  4520 | D:5      | Noticed a wyvern
  4524 | D:5      | Killed a wyvern
  4582 | D:5      | Reached XP level 8. HP: 9/43 MP: 8/8
  4804 | D:5      | Reached skill level 5 in Fighting
  4804 | D:5      | Reached skill level 8 in Stealth
  5019 | D:5      | Reached skill level 5 in Dodging
  5221 | D:5      | Slain by a water moccasin skeleton

Illustrated notes

Levels and vault maps discovered:
D:1:      saegor_arrival_under_anarchy, layout_basic,
          chequers_serial_rivers_room_a
D:2:      layout_loops_corners, hellmonk_ecumenical_altar_blasted
D:3:      layout_basic, lightli_temple_of_fire,
          pdpol_wu_jian_five_deadly_venoms, mainiacjoe_overflow_tiny_flanked
D:4:      layout_rooms, minmay_temple_entry_slanted, serial_shops,
          nicolae_stop_n_shop_2, nicolae_goblin_pals, uniq_grinder
D:5:      layout_basic, serial_undead, serial_undead_d, serial_undead_a,
          serial_undead_d, serial_undead_e
Temple:   nicolae_temple_ecumenical_triangle

Skill      XL: |  1  2  3  4  5  6  7  8 |
---------------+-------------------------+-----
Short Blades   | 3 4 5 6 |  6.3
Dodging        | 2 3 4 5 |  5.2
Fighting       | 3 4 5 |  5.2
Stealth        | 6 7 8 |  8.3
Throwing       | |  2.1

Action                     |  1- 3 |  4- 6 |  7- 9 || total
---------------------------+-------+-------+-------++-------
  Melee: Dagger            |    77 |   156 |   115 ||   348
         Punch             |       |       |     3 ||     3
    Use: Potion            |       |     4 |       ||     4
         Scroll            |       |     6 |       ||     6
   Stab: Sleeping          |    20 |    21 |     5 ||    46
 Armour: Robe              |    13 |    27 |    18 ||    58
  Dodge: Dodged            |    50 |    81 |    85 ||   216

Table legend: (Time is in decaauts)
 A = Elapsed time spent in this place.
 B = Non-inter-level travel time spent in this place.
 C = Inter-level travel time spent in this place.
 D = Time resting spent in this place.
 E = Time spent auto-exploring this place.
 F = Levels seen in this place.
 G = Mean time per level.
                   A        B        C        D        E       F      G
               +--------+--------+--------+--------+--------+-----+--------+
         Total |   5125 |   4982 |    143 |    631 |   3569 |   6 |  854.2 |
       Dungeon |   4710 |   4581 |    129 |    386 |   3429 |   5 |  942.0 |
        Temple |    415 |    401 |     14 |    245 |    140 |   1 |  415.0 |
               +--------+--------+--------+--------+--------+-----+--------+

Top non-repeatable levels by time:
     D:3: 1309 daAuts
     D:2: 1045 daAuts
     D:5: 945 daAuts
     D:1: 867 daAuts
     D:4: 542 daAuts
  Temple: 415 daAuts
